 Dungeon Crawl Stone Soup version 0.28-a0-1213-g0243856f03 (webtiles) character file.

Game seed: 3508896951849958644

239 mcbry74 the Chopper (level 6, -2/45 HPs)
             Began as a Hill Orc Gladiator on Dec 21, 2021.
             Succumbed to a killer bee's poison
             ... on level 4 of the Dungeon.
             The game lasted 00:08:58 (3394 turns).

mcbry74 the Chopper (Hill Orc Gladiator)            Turns: 3394, Time: 00:08:59

Health: -2/45      AC:  5    Str: 16 (19) XL:     6   Next: 7%
Magic:  6/6        EV: 12    Int:  7 (8)  God:
Gold:   117        SH:  5    Dex: 12      Spells: 5/5 levels left

rFire   + . .      SeeInvis .   a - +0 war axe
rCold   . . .      Faith    .   (no shield)
rNeg    . . .      Spirit   .   b - +0 leather armour
rPois   .          Reflect  +   c - +0 helmet
rElec   .          Harm     .   (no cloak)
rCorr   +          Rampage  .   p - +0 pair of gloves
Will    .....                   (no boots)
Stlth   ..........              s - amulet of reflection
HPRegen 0.15/turn               t - ring of resist corrosion
MPRegen 0.10/turn               (no ring)

@: lethally poisoned (-2 -> -21), silenced
A: fire resistance 1, frail 1
a: no special abilities


You were on level 4 of the Dungeon.
You visited 1 branch of the dungeon, and saw 4 of its levels.

You collected 117 gold pieces.

Inventory:

Hand Weapons
 a - a +0 war axe (weapon)
 h - a +0 hunting sling
 y - a +3 whip
Missiles
 d - 3 throwing nets
 i - 18 poisoned darts (quivered)
 r - 9 boomerangs
 v - 10 arrows
Armour
 b - a +0 leather armour (worn)
 c - a +0 helmet (worn)
 g - a +0 chain mail
 p - a +0 pair of gloves (worn)
 w - a +0 chain mail
Jewellery
 s - an amulet of reflection (around neck)
 t - a ring of resist corrosion (left hand)
Wands
 u - a wand of iceblast (4)
Scrolls
 e - 2 scrolls of magic mapping
 f - 4 scrolls of identify
 n - a scroll of amnesia {unknown}
 o - a scroll of summoning {unknown}
 x - a scroll of blinking {unknown}


   Skills:
 - Level 2.4 Fighting
 * Level 7.4(8.0) Axes
 + Level 3.3(5.2) Maces & Flails
 - Level 0.1(3.7) Polearms
 - Level 1.7 Throwing
 - Level 2.4 Dodging


You had 5 spell levels left.
You didn't know any spells.
Your spell library contained the following spells:

 Spells                   Type           Power      Damage    Failure   Level
 Beastly Appendage        Tmut           0%         N/A       50%         1
 Wereblood                Tmut           0%         N/A       65%         2
 Gell's Gravitas          Tloc           0%         N/A       86%         3
 Lesser Beckoning         Tloc           0%         N/A       86%         3
 Spider Form              Tmut/Pois      0%         N/A       86%         3
 Teleport Other           Tloc           0%         N/A       86%         3


Dungeon Overview and Level Annotations

Branches:
Dungeon (4/15)
 Temple: D:4-7

Altars:

Shops:
D:1 *   D:2 *


Innate Abilities, Weirdness & Mutations

Your flesh is heat resistant. (rF+)
You are frail. (-10% HP)


Message History

You barely miss the killer bee.
The killer bee is moderately wounded.
You feel very sick. The killer bee barely misses you.
The killer bee misses you.
You feel sick. The killer bee stings you.
Magic scrolls do not work when you're silenced!
You feel sick. The killer bee completely misses you.
There is an open door here.
You closely miss the killer bee.
The killer bee is moderately wounded.
You feel sick. The killer bee closely misses you. The killer bee stings you.
* * * LOW HITPOINT WARNING * * *
You feel better. The killer bee closely misses you. x2
Magic scrolls do not work when you're silenced!
Throw: 19 darts (poison)
Press: ? - help, Q - select action, (/) - cycle Shift-Dir - straight line, f - killer bee
Aim: a killer bee (silenced, moderately wounded, 26% to hit)
You throw a poisoned dart.
The poisoned dart misses the killer bee.
The poisoned dart hits the centaur.
The killer bee stings you but does no damage.
The killer bee stings you.
* * * LOW HITPOINT WARNING * * *
You are poisoned.
The killer bee poisons you!
You miss the killer bee.
The killer bee is moderately wounded.
* * * LOW HITPOINT WARNING * * *
You feel very sick. The killer bee stings you.
* * * LOW HITPOINT WARNING * * *
The killer bee stings you.
* * * LOW HITPOINT WARNING * * *
You are more poisoned.
The killer bee poisons you!
You aren't carrying any potions.
Magic scrolls do not work when you're silenced!
You miss the killer bee.
The killer bee is moderately wounded.
You die...

..'......y.......'.. ....#.....
.#...............# ####........
)..#.............#.# #..<........
.#..........y..gy#.#.#.#.#..##.##
...#...........yy#.#.# #.....#.#
.#...###########y#.#.# #.....#.#
...#.## #c#.#.#.####..#.#
.#...+.. #y#.#.#.........##
...#.# .### ##@#.#.#####.......
.#...# ..# #†.....#####.#..###
...#.## #.# #.)..........#..##
.#....# #.#####†.....#######...#
...#..###............#######...##
.....................#....##.#..#
.....+...............#....##.....
.....#.........####.............#
.....#.........# #.<............


You could see a centaur, 5 killer bees and a hobgoblin.

Vanquished Creatures
  A scorpion (D:4)
  Natasha (D:3)
  7 adders
  3 worms
  3 dart slugs
  6 orcs
  6 endoplasms
  A giant cockroach (D:2)
  5 goblins
  9 hobgoblins
  3 kobolds (D:1)
  5 quokkas
  6 ball pythons
  6 bats
  2 frilled lizards
  6 rats
70 creatures vanquished.

Notes
Turn   | Place    | Note
-------+----------+-------------------------------------------
     0 | D:1      | mcbry74 the Hill Orc Gladiator began the quest for the Orb.
     0 | D:1      | Reached XP level 1. HP: 18/18 MP: 1/1
   221 | D:1      | Reached XP level 2. HP: 25/25 MP: 2/2
   487 | D:1      | Reached skill level 1 in Maces & Flails
   595 | D:1      | Found Ajio's General Store.
   761 | D:1      | Reached skill level 5 in Axes
   769 | D:1      | Reached XP level 3. HP: 29/30 MP: 3/3
  1492 | D:2      | Reached XP level 4. HP: 34/37 MP: 4/4
  1616 | D:2      | Found Udobb's Assorted Antiques.
  1661 | D:2      | Found a faded altar of an unknown god.
  1753 | D:2      | Reached skill level 6 in Axes
  2198 | D:3      | Noticed Natasha
  2210 | D:3      | Killed Natasha
  2211 | D:3      | Reached XP level 5. HP: 37/42 MP: 5/5
  2916 | D:4      | Noticed a centaur
  3349 | D:4      | Reached skill level 7 in Axes
  3380 | D:4      | Gained mutation: You are frail. (-10% HP) [potion of
                  | mutation]
  3380 | D:4      | Gained mutation: Your flesh is heat resistant. (rF+)
                  | [potion of mutation]
  3381 | D:4      | Reached XP level 6. HP: 13/45 MP: 6/6
  3393 | D:4      | HP: 2/45 [killer bee (6)]
  3394 | D:4      | Succumbed to a killer bee's poison

Illustrated notes

Levels and vault maps discovered:
D:1:      ncdulo_wetmaze, layout_basic, serial_shops, nicolae_shop_stone,
          chequers_serial_rivers_micro_b
D:2:      layout_rooms, serial_shops, shop, chequers_ecumenical_altar_simple,
          grunt_decor_clamped, minmay_octomino_c4
D:3:      layout_basic, uniq_natasha
D:4:      layout_basic, minmay_misc_feat_pillars

Skill      XL: |  1  2  3  4  5 |
---------------+----------------+-----
Maces & Flails | 1 2 3 |  3.3
Axes           | 5 6 7 |  7.4
Fighting       | |  2.4
Polearms       | |  0.1
Throwing       | |  1.7
Dodging        | |  2.4

Action                   |  1- 3 |  4- 6 || total
-------------------------+-------+-------++-------
Melee: War axe           |    99 |    97 ||   196
Throw: Dart              |    14 |     7 ||    21
  Use: Potion            |       |     5 ||     5
       Scroll            |       |     2 ||     2
Armor: Leather armour    |    34 |    28 ||    62
Dodge: Dodged            |    74 |    81 ||   155
Block: Other             |       |    15 ||    15

Table legend: (Time is in decaauts)
 A = Elapsed time spent in this place.
 B = Non-inter-level travel time spent in this place.
 C = Inter-level travel time spent in this place.
 D = Time resting spent in this place.
 E = Time spent auto-exploring this place.
 F = Levels seen in this place.
 G = Mean time per level.
                   A        B        C        D        E       F      G
               +--------+--------+--------+--------+--------+-----+--------+
         Total |   3448 |   3339 |    109 |    599 |   2024 |   4 |  862.0 |
       Dungeon |   3448 |   3339 |    109 |    599 |   2024 |   4 |  862.0 |
               +--------+--------+--------+--------+--------+-----+--------+

Top non-repeatable levels by time:
     D:1: 1293 daAuts
     D:3: 1144 daAuts
     D:2: 759 daAuts
     D:4: 251 daAuts
